 Dungeon Crawl Stone Soup version 0.28-a0-1080-g05a166d0ed (webtiles) character file.

Game seed: 2905785953966495567

221 Armakuni the Cutter (level 5, -3/32 HPs)
             Began as a Deep Elf Fighter on Dec 9, 2021.
             Slain by a gnoll sergeant (12 damage)
             ... on level 2 of the Dungeon.
             The game lasted 00:06:26 (3885 turns).

Armakuni the Cutter (Deep Elf Fighter)              Turns: 3885, Time: 00:06:26

Health: -3/32      AC:  6    Str: 21    XL:     5   Next: 65%
Magic:  7/7        EV: 13    Int: 13    God:
Gold:   80         SH:  6    Dex: 14    Spells: 4/4 levels left

rFire   . . .      SeeInvis .   a - +0 rapier
rCold   . . .      Faith    .   c - +1 buckler
rNeg    . . .      Spirit   .   b - +0 scale mail
rPois   .          Reflect  .   (no helmet)
rElec   .          Harm     .   (no cloak)
rCorr   .          Rampage  .   (no gloves)
Will    .....                   (no boots)
Stlth   ..........              (no amulet)
HPRegen 0.10/turn               E - +4 ring of evasion
MPRegen 0.10/turn               V - +6 ring of strength

@: no status effects
A: no striking features
a: no special abilities


You were on level 2 of the Dungeon.
You visited 1 branch of the dungeon, and saw 3 of its levels.

You collected 80 gold pieces.

Inventory:

Hand Weapons
 a - a +0 rapier (weapon)
Missiles
 e - 3 silver boomerangs
 g - 34 poisoned darts (quivered)
Armour
 b - a +0 scale mail (worn)
 c - a +1 buckler (worn)
 h - a +0 plate armour
Magical Staves
 k - a staff of cold
Jewellery
 E - a +4 ring of evasion (left hand)
 V - a +6 ring of strength (right hand)
 W - a ring of wizardry
Potions
 d - a potion of might
 f - 2 potions of curing
 j - a potion of lignification {unknown}


   Skills:
 + Level 3.6 Fighting
 + Level 3.7 Short Blades
 - Level 2.4 Armour
 + Level 3.6 Shields


You had 4 spell levels left.
You didn't know any spells.
Your spell library contained the following spells:

 Spells                   Type           Power      Damage    Failure   Level
 Ozocubu's Armour         Ice            0%         N/A       95%         3
 Metabolic Englaciation   Hex/Ice        0%         N/A       100%        5
 Simulacrum               Ice/Necr       0%         N/A       100%        6


Dungeon Overview and Level Annotations

Branches:
Dungeon (3/15)

Altars:
Fedhas


Message History

You block the gnoll sergeant's attack.
Unknown command.
You hit the gnoll sergeant.
The gnoll sergeant is moderately wounded.
You block the gnoll sergeant's attack.
You hit the gnoll sergeant.
The gnoll sergeant is moderately wounded.
The gnoll sergeant barely misses you.
You puncture the gnoll sergeant!
The gnoll sergeant is severely wounded.
The gnoll sergeant hits you with a +0 spear!
You hit the gnoll sergeant.
The gnoll sergeant is almost dead.
The gnoll sergeant hits you with a +0 spear.
The gnoll sergeant blocks your attack.
The gnoll sergeant is almost dead.
The gnoll sergeant hits you with a +0 spear.
The gnoll sergeant blocks your attack.
The gnoll sergeant is almost dead.
The gnoll sergeant misses you.
You hit the gnoll sergeant but do no damage.
The gnoll sergeant is almost dead.
The gnoll sergeant misses you.
You barely miss the gnoll sergeant.
The gnoll sergeant is almost dead.
You block the gnoll sergeant's attack.
You barely miss the gnoll sergeant.
The gnoll sergeant is severely wounded.
The gnoll sergeant hits you with a +0 spear!
You completely miss the gnoll sergeant.
The gnoll sergeant is severely wounded.
The gnoll sergeant hits you with a +0 spear!
* * * LOW HITPOINT WARNING * * *
You hit the gnoll sergeant but do no damage.
The gnoll sergeant is severely wounded.
The gnoll sergeant hits you but does no damage.
The gnoll sergeant barely misses you.
There is a stone staircase leading up here.
The gnoll sergeant hits you from afar with a +0 spear!
You die...

##.#..########.#.##
..................#
##.#..#####.##.#.##
..................#
...#..##.##.##.#.##
...#.....##.##.#.#
#..#..##.##.##.#g#
#..#..##.##....#.#
#..#..##.##.##.#@#
#..##.##.##.##.###
#..##.##.##.##.##
#..##...........#
#.....##.##.##.##
....#.##...<##.#
##..#.##.......#
##..####.##.####
##..# #.##.#


You could see a gnoll sergeant.

Vanquished Creatures
  2 orc wizards (D:3)
  A hound skeleton (D:2)
  3 gnolls
  5 adders
  2 worms (D:2)
  2 dart slugs
  2 orcs (D:3)
  5 ball pythons
  4 endoplasms
  2 giant cockroaches (D:1)
  6 goblins
  4 hobgoblins
  12 jackals
  4 kobolds (D:1)
  3 quokkas
  6 bats
  8 frilled lizards (D:1)
  4 rats
75 creatures vanquished.

Notes
Turn   | Place    | Note
-------+----------+-------------------------------------------
     0 | D:1      | Armakuni the Deep Elf Fighter began the quest for the Orb.
     0 | D:1      | Reached XP level 1. HP: 13/13 MP: 3/3
   358 | D:1      | Reached XP level 2. HP: 18/18 MP: 4/4
   694 | D:1      | Found a faded altar of an unknown god.
   788 | D:1      | Reached XP level 3. HP: 22/22 MP: 5/5
  1408 | D:2      | Reached XP level 4. HP: 3/28 MP: 6/6
  1758 | D:2      | Found a blossoming altar of Fedhas.
  3118 | D:3      | Noticed a gnoll sergeant
  3148 | D:2      | Reached XP level 5. HP: 25/32 MP: 7/7
  3885 | D:2      | Slain by a gnoll sergeant

Illustrated notes

Levels and vault maps discovered:
D:1:      amcnicky_arrival_choice, layout_rooms,
          shapermc_ecumenical_altar_ellora
D:2:      layout_basic, basic_altar
D:3:      layout_basic, gup_sewer_entry_bowl, nrook_uturn

Skill      XL: |  1  2  3  4 |
---------------+-------------+-----
Fighting       | 3 |  3.6
Shields        | 3 |  3.6
Short Blades   | 3 |  3.7
Armour         | |  2.4

Action                   |  1- 3 |  4- 6 || total
-------------------------+-------+-------++-------
Melee: Rapier            |   121 |   182 ||   303
Throw: Dart              |    10 |     6 ||    16
  Use: Potion            |     1 |     1 ||     2
       Scroll            |       |     2 ||     2
 Stab: Distracted        |       |     1 ||     1
Armor: Scale mail        |    37 |     3 ||    40
       Ring mail         |     7 |    43 ||    50
Dodge: Dodged            |    43 |    91 ||   134
Block: Buckler           |    23 |    48 ||    71

Table legend: (Time is in decaauts)
 A = Elapsed time spent in this place.
 B = Non-inter-level travel time spent in this place.
 C = Inter-level travel time spent in this place.
 D = Time resting spent in this place.
 E = Time spent auto-exploring this place.
 F = Levels seen in this place.
 G = Mean time per level.
                   A        B        C        D        E       F      G
               +--------+--------+--------+--------+--------+-----+--------+
         Total |   3888 |   3771 |    117 |   1483 |   1452 |   3 | 1296.0 |
       Dungeon |   3888 |   3771 |    117 |   1483 |   1452 |   3 | 1296.0 |
               +--------+--------+--------+--------+--------+-----+--------+

Top non-repeatable levels by time:
     D:2: 2112 daAuts
     D:1: 1014 daAuts
     D:3: 762 daAuts
